 Dungeon Crawl Stone Soup version 0.22-a0-525-gf69a080 (webtiles) character file.

6 iamserjio the Charmwright (level 1, -2/11 HPs)
             Began as a Vine Stalker Skald on June 21, 2018.
             Slain by a leopard gecko (4 damage)
             ... on level 1 of the Dungeon.
             The game lasted 00:00:59 (67 turns).

iamserjio the Charmwright (Vine Stalker Skald)        Turns: 67, Time: 00:01:00

Health: -2/11      AC:  3    Str: 13    XL:     1   Next: 90%
Magic:  0/4        EV: 11    Int: 10    God:
Gold:   4          SH:  0    Dex: 13    Spells: 3/4 levels left

rFire    . . .     SeeInvis .   b - +0 dagger
rCold    . . .     Gourm    .   (no shield)
rNeg     . . .     Faith    .   a - +0 leather armour
rPois    .         Spirit   +   (no helmet)
rElec    .         Reflect  .   (no cloak)
rCorr    .         Harm     .   (no gloves)
MR       .....                  (no boots)
Stlth    +.........             (no amulet)
HPRegen  0.03/turn              d - -3 ring of intelligence (curse)
MPRegen  0.09/turn              (no ring)

@: no status effects
A: fangs 2, magic shield, antimagic bite, no potion heal 3, rot immunity
a: no special abilities


You were on level 1 of the Dungeon.
You were not hungry.

You visited 1 branch of the dungeon, and saw 1 of its levels.

You collected 4 gold pieces.

Inventory:

Hand Weapons
 b - a +0 dagger (weapon)
Armour
 a - a +0 leather armour (worn)
Jewellery
 d - a cursed -3 ring of intelligence (left hand)
Comestibles
 c - a ration


   Skills:
 + Level 2.0 Fighting
 - Level 0.7 Armour
 - Level 1.5 Dodging
 * Level 2.4 Unarmed Combat
 - Level 2.1 Spellcasting
 - Level 3.0 Charms


You had 3 spell levels left.
You knew the following spells:

 Your Spells              Type           Power        Failure   Level  Hunger
a - Infusion              Chrm           #...         12%         1    ##.....

Your spell library contained the following spells:

 Spells                   Type           Power        Failure   Level  Hunger
 Regeneration             Chrm/Necr      #.........   54%         3    ####...
 Shroud of Golubria       Chrm/Tloc      #.........   32%         2    ###....
 Song of Slaying          Chrm           #.......     17%         2    ###....
 Spectral Weapon          Hex/Chrm       #.......     54%         3    ####...


Dungeon Overview and Level Annotations

Branches:
Dungeon (1/15)

Altars:


Innate Abilities, Weirdness & Mutations

You have extremely sharp teeth.
When hurt, damage is shared between your health and your magic reserves.
Your bite disrupts and absorbs the magic of your enemies.
Potions cannot restore your health.
You are immune to rotting.


Message History

You barely miss the leopard gecko. The leopard gecko closely misses you.
The leopard gecko bites you but does no damage.
The leopard gecko barely misses you.
You miss the leopard gecko. You bite the leopard gecko. You drain its power.
You feel invigorated.
The leopard gecko is severely wounded.
The leopard gecko completely misses you.
The leopard gecko barely misses you.
You closely miss the leopard gecko. Your bite misses the leopard gecko.
The leopard gecko is severely wounded.
The leopard gecko closely misses you. The leopard gecko bites you.
* * * LOW HITPOINT WARNING * * *
You closely miss the leopard gecko.
You punch the leopard gecko, but do no damage.
The leopard gecko is severely wounded.
The leopard gecko barely misses you. x2
You hit the leopard gecko but do no damage.
The leopard gecko is severely wounded.
The leopard gecko bites you.
You die...

♣(......#####gr..
........8.#$#gg.
♣.♣♣...w..'.# #
..........'.# .#
♣♣......8.#$#ggg. ..
..♣....w### #ll.. .#
♣...♣....## .⌠. ..#
.♣..♣♣....########...#
..............ll@lK..#
.♣♣.♣.♣...⌠...w###...#
..♣....♣.............#
.....................#
♣♣♣♣♣♣♣############# #


You could see a dart slug, 2 leopard geckos, a kobold and a frilled lizard.

Vanquished Creatures
  A bat (D:1)
  3 goblins (D:1)
  A rat (D:1)
5 creatures vanquished.

Notes
Turn   | Place    | Note
-------+----------+-------------------------------------------
     0 | D:1      | iamserjio the Vine Stalker Skald began the quest for the Orb.
     0 | D:1      | Reached XP level 1. HP: 11/11 MP: 4/4
    67 | D:1      | Slain by a leopard gecko

Vault maps used:
D:1:      erik_arrival_cave_to_civilisation

Skill      XL: |  1 |
---------------+----+-----
Fighting       | 2 |  2.0
Armour         | |  0.7
Dodging        | |  1.5
Unarmed Combat | |  2.4
Spellcasting   | |  2.1
Charms         | |  3.0

Action                   || total
-------------------------++-------
Melee: Dagger            ||    17
       Bite              ||     3
       Unarmed           ||     1
       Punch             ||     1
 Cast: Infusion          ||     1
Armor: Leather armour    ||     5
Dodge: Dodged            ||    13

Table legend:
 A = Spawn XP
 B = Non-spawn XP
 C = Spawn XP percentage of total XP
 D = Spawn monster count
 E = Non-spawn monster count
 F = Spawn count percentage of total count
 G = Total turns spent on level
                    A         B        C        D         E        F      G
               +---------+---------+-------+---------+---------+-------+---------
         Total |       0 |       9 |   0.0 |       0 |       5 |   0.0 |    67
               +---------+---------+-------+---------+---------+-------+---------
           D:1 |       0 |       9 |   0.0 |       0 |       5 |   0.0 |    67
               +---------+---------+-------+---------+---------+-------+---------
